 Dungeon Crawl Stone Soup version 0.31-a0-868-g674d60d6f7 (webtiles) character file.

Game seed: 8206634383880541709

131 CowFu the Magician (level 4, -1/24 HPs)
             Began as a Deep Elf Air Elementalist on Oct 11, 2023.
             Slain by an orc wizard
             ... wielding a +0 dagger
              (3 damage)
             ... on level 3 of the Dungeon.
             The game lasted 00:03:20 (2638 turns).

CowFu the Magician (Deep Elf Air Elementalist)      Turns: 2638, Time: 00:03:21

Health: -1/24      AC:  4    Str:  5    XL:     4   Next: 91%
Magic:  8/12       EV: 12    Int: 22    God:
Gold:   112        SH:  0    Dex: 15    Spells: 11/12 levels left

rFire   . . .        n - +3 spear (venom)
rCold   . . .        (no shield)
rNeg    + . .        d - +0 robe
rPois   .            (no helmet)
rElec   .            c - +1 cloak
rCorr   .            (no gloves)
SInv    .            (no boots)
Will    .....        (no amulet)
Stlth   ++           f - ring of positive energy
HPRegen 0.24/turn    (no ring)
MPRegen 0.13/turn

%: no passive effects
@: no status effects
A: no striking features
a: no special abilities


You were on level 3 of the Dungeon.
You visited 1 branch of the dungeon, and saw 3 of its levels.

You collected 112 gold pieces.

Inventory:

Hand Weapons
 a - a +0 dagger
 n - a +3 spear of venom (weapon)
Armour
 c - a +1 cloak (worn)
 d - a +0 robe (worn)
 i - +0 fire dragon scales
Jewellery
 f - a ring of positive energy (left hand)
 k - a ring of positive energy
Scrolls
 h - a scroll of immolation {unknown}
Potions
 b - a potion of magic
 e - a potion of haste
 g - 2 potions of ambrosia
 l - a potion of curing
 m - a potion of lignification {unknown}


   Skills:
 - Level 2.4 Dodging
 - Level 2.4 Stealth
 + Level 4.7 Spellcasting
 + Level 3.1 Conjurations
 + Level 4.0 Air Magic


You had 11 spell levels left.
You knew the following spells:

 Your Spells              Type           Power      Damage    Failure   Level
a - Shock                 Conj/Air       80%        1d8       2%          1

Your spell library contained the following spells:

 Spells                   Type           Power      Damage    Failure   Level
 Static Discharge         Conj/Air       40%        2-4/arc   3%          2
 Swiftness                Air            23%        N/A       6%          3
 Sublimation of Blood     Necr           5%         N/A       16%         2
 Wereblood                Tmut           5%         N/A       16%         2
 Airstrike                Air            11%        2d(2-18)  19%         4
 Summon Hydra             Summ           2%         N/A       100%        7


Dungeon Overview and Level Annotations

Branches:
Dungeon (3/15)

Altars:
Kikubaaqudgha


Message History

You feel sick.
Casting: Shock (safe; 2% risk of failure)
Confirm with . or Enter, or press ? or * to list all spells.
Aiming: Shock (safe; 2% risk of failure)
Press: ? - help, Shift-Dir - straight line, f - orc
Aim: an orc, wielding a +0 hand axe and wearing a +0 scale mail (heavily wounded, 75% to hit)
The zap hits something.
The zap hits the orc.
The orc is heavily wounded.
You feel sick.
An orc comes into view. It is wielding a +0 club.
Casting: Shock (safe; 2% risk of failure)
Confirm with . or Enter, or press ? or * to list all spells.
Aiming: Shock (safe; 2% risk of failure)
Press: ? - help, Shift-Dir - straight line, f/p - orc
Aim: an orc, wielding a +0 hand axe and wearing a +0 scale mail (heavily wounded, 75% to hit)
The zap misses the orc.
The zap hits the orc!
You kill the orc!
You feel sick.
You hear some strange, mumbled words.
Something tries to affect you, but you resist.
Casting: Shock (safe; 2% risk of failure)
Confirm with . or Enter, or press ? or * to list all spells.
Aiming: Shock (safe; 2% risk of failure)
Press: ? - help, Shift-Dir - straight line, f/p - orc
Aim: an orc, wielding a +0 hand axe and wearing a +0 scale mail (heavily wounded, 75% to hit)
The zap hits something.
The zap hits the orc.
You kill the orc!
You feel sick.
You hear some strange, mumbled words.
Something tries to affect you, but you resist.
Casting: Shock (safe; 2% risk of failure)
Confirm with . or Enter, or press ? or * to list all spells.
You can't see any susceptible monsters within range! (Use Z to cast anyway.) Unknown command.
You miss something.
You feel sick. Something hits you.
* * * LOW HITPOINT WARNING * * *
You miss something.
You feel sick.
You are no longer poisoned.
Something hits you.
You die...

#..........+........#
##.#####...##..)....#
#.# #...##.......# #.#
#...# #)# #.# ##### #.#
#.# #.# #.# ##### #)#
#.# #...# #.# #.# #...#
#@####### #.# #...#
#........
#.####...#####....####
#....'.......#....+
#######...###.##...#...
#..............'.......#
###.#########.##......##
#.#.......#.##........
#.#.#####.#.###.##....


There were no monsters in sight!

Vanquished Creatures
  Robin (D:2)
  3 adders
  3 gnolls (D:2)
  A dart slug (D:1)
  3 orcs (D:3)
  2 ball pythons
  2 bats
  An endoplasm (D:3)
  3 giant cockroaches (D:1)
  18 goblins
  6 hobgoblins
  A jackal (D:1)
  3 kobolds
  A quokka (D:2)
  3 frilled lizards
  5 rats
56 creatures vanquished.

Notes
Turn   | Place    | Note
-------+----------+-------------------------------------------
     0 | D:1      | CowFu the Deep Elf Air Elementalist began the quest for the
                  | Orb.
     0 | D:1      | Reached XP level 1. HP: 10/10 MP: 6/6
   211 | D:1      | Reached XP level 2. HP: 15/15 MP: 5/8
  1014 | D:1      | Reached XP level 3. HP: 19/19 MP: 8/10
  1419 | D:2      | Reached XP level 4. HP: 18/24 MP: 2/12
  2115 | D:2      | Noticed Robin
  2121 | D:2      | Killed Robin
  2400 | D:3      | Found an ancient bone altar of Kikubaaqudgha.
  2638 | D:3      | Slain by an orc wizard

Illustrated notes

Levels and vault maps discovered:
D:1:      lemuel_arrival_lava_pool, layout_basic, minmay_misc_feat_chi,
          minivault_4, minmay_surrounded
D:2:      layout_basic, uniq_robin
D:3:      layout_basic, nicolae_overflow_hidden_temple,
          nicolae_kikubaaqudgha_miasma_corner, portal_sewer_entry_f,
          shapermc_ecumenical_altar_rom_forum

Skill      XL: |  1  2  3  4 |
---------------+-------------+-----
Conjurations   | 2 3 |  3.1
Spellcasting   | 4 |  4.7
Air Magic      | 4 |  4.0
Dodging        | |  2.4
Stealth        | |  2.4

Action                     |  1- 3 |  4- 6 || total
---------------------------+-------+-------++-------
  Melee: Dagger            |     4 |       ||     4
         Unarmed           |     2 |       ||     2
         Spear             |       |    23 ||    23
   Cast: Shock             |    65 |    28 ||    93
    Use: Scroll            |       |     4 ||     4
   Stab: Sleeping          |       |     4 ||     4
         Distracted        |       |     1 ||     1
 Armour: Robe              |     2 |    17 ||    19
  Dodge: Dodged            |    11 |    10 ||    21

Table legend: (Time is in decaauts)
 A = Elapsed time spent in this place.
 B = Non-inter-level travel time spent in this place.
 C = Inter-level travel time spent in this place.
 D = Time resting spent in this place.
 E = Time spent auto-exploring this place.
 F = Levels seen in this place.
 G = Mean time per level.
                   A        B        C        D        E       F      G
               +--------+--------+--------+--------+--------+-----+--------+
         Total |   2638 |   2515 |    123 |      0 |   2017 |   3 |  879.3 |
       Dungeon |   2638 |   2515 |    123 |      0 |   2017 |   3 |  879.3 |
               +--------+--------+--------+--------+--------+-----+--------+

Top non-repeatable levels by time:
     D:1: 1172 daAuts
     D:2: 1146 daAuts
     D:3: 319 daAuts
